TOP OF THE 1ST |
Nebraska Plainsmen batting - Pitching for Gwinnett County Black Cats : RHP Jorge Silverstro
|
Pitching: RHP Jorge Silverstro
|
|
Batting: RHB Young-hwan Hyon
|
0-0: Ball 1-0: Ball 2-0: Swinging Strike 2-1: Foul Ball, location: 2F 2-2: Ball 3-2: Strikes out swinging
|
Batting: RHB Jesús Martínez
|
0-0: Called Strike 0-1: Swinging Strike 0-2: Ball 1-2: Strikes out swinging
|
Batting: RHB Jeffery Campbell
|
0-0: Ball 1-0: Foul Ball, location: 2F 1-1: Reached on Error, E9 (Flyball, 89M)
|
Batting: RHB Miguel Vásquez
|
0-0: Called Strike 0-1: Called Strike 0-2: Strikes out swinging
|
Top of the 1st over - 0 run(s), 0 hit(s), 1 error(s), 1 left on base; Nebraska 0 - Gwinnett County 0 |
BOTTOM OF THE 1ST |
Gwinnett County Black Cats batting - Pitching for Nebraska Plainsmen : LHP Jim Unknown
|
Pitching: LHP Jim Unknown
|
|
Batting: LHB Kent Roberts
|
0-0: Called Strike 0-1: Foul Ball, location: 2F 0-2: Ball 1-2: Foul Ball, location: 2F 1-2: Ball 2-2: Foul Ball, location: 2F 2-2: Ball 3-2: DOUBLE (Flyball, 78M)
|
Batting: RHB Daniel Ybarra
|
0-0: Ball 1-0: Ground out 6-3 (Groundball, 6) Kent Roberts to third
|
Batting: RHB Joe Craig
|
0-0: Ball 1-0: Foul Ball, location: 2F 1-1: Called Strike 1-2: Ball 2-2: Ball 3-2: Base on Balls
|
Batting: RHB Luis Hernández
|
0-0: Called Strike 0-1: SINGLE (Line Drive, 6MD) Kent Roberts scores Joe Craig to second
|
Batting: RHB Millard Lewis
|
0-0: Foul Ball, location: 2F 0-1: Grounds into double play, 6-4-3 (Groundball, 56)
|
Bottom of the 1st over - 1 run(s), 2 hit(s), 0 error(s), 1 left on base; Nebraska 0 - Gwinnett County 1 |
TOP OF THE 2ND |
Nebraska Plainsmen batting - Pitching for Gwinnett County Black Cats : RHP Jorge Silverstro
|
Batting: RHB Jim Unknown
|
0-0: Foul Ball, location: 2F 0-1: SINGLE (Line Drive, 34D)
|
Batting: RHB Jim Unknown
|
0-0: Ball Jim Unknown steals 2nd base 1-0: Foul Ball, location: 2F 1-1: Called Strike 1-2: Ball 2-2: Ground out 5-3 (Groundball, 5S) Jim Unknown to third
|
Batting: RHB Jim Unknown
|
0-0: Called Strike 0-1: Ball 1-1: Called Strike 1-2: Foul Ball, location: 2F 1-2: Ball 2-2: Ball 3-2: Foul Ball, location: 2F 3-2: Strikes out swinging
|
Batting: RHB Tomás Morán
|
0-0: Ball 1-0: Foul Ball, location: 2F 1-1: Ball 2-1: Foul Ball, location: 2F 2-2: Ball 3-2: Strikes out looking
|
Top of the 2nd over - 0 run(s), 1 hit(s), 0 error(s), 1 left on base; Nebraska 0 - Gwinnett County 1 |
BOTTOM OF THE 2ND |
Gwinnett County Black Cats batting - Pitching for Nebraska Plainsmen : LHP Jim Unknown
|
Batting: RHB Ernesto Fernández
|
0-0: Foul Ball, location: 2F 0-1: SINGLE (Line Drive, 6M)
|
Batting: RHB Luis Dávila
|
0-0: Called Strike 0-1: Foul Ball, location: 2F 0-2: Strikes out swinging
|
Batting: RHB Jim Unknown
|
0-0: Ball 1-0: Fly out, F7 (Flyball, 78M)
|
Batting: LHB Jim Unknown
|
0-0: Fly out, F9 (Flyball, 9M)
|
Bottom of the 2nd over - 0 run(s), 1 hit(s), 0 error(s), 1 left on base; Nebraska 0 - Gwinnett County 1 |
TOP OF THE 3RD |
Nebraska Plainsmen batting - Pitching for Gwinnett County Black Cats : RHP Jorge Silverstro
|
Batting: RHB Jim Unknown
|
0-0: Ball 1-0: Ball 2-0: Ball 3-0: Base on Balls
|
Batting: RHB Young-hwan Hyon
|
0-0: Ball 1-0: Fly out, F9 (Line Drive, 9M)
|
Batting: RHB Jesús Martínez
|
0-0: SINGLE (Line Drive, 9S) Jim Unknown to second Throwing error, E9 Jim Unknown scores Jesús Martínez to second
|
Batting: RHB Jeffery Campbell
|
0-0: Called Strike 0-1: Ball 1-1: Ball 2-1: Swinging Strike 2-2: Ball Passed Ball! Jesús Martínez to third 3-2: Strikes out swinging
|
Batting: RHB Miguel Vásquez
|
0-0: Ball 1-0: DOUBLE (Line Drive, 5D) Jesús Martínez scores
|
Batting: RHB Jim Unknown
|
0-0: Ball 1-0: Ball 2-0: SINGLE (Groundball, 56D) Miguel Vásquez to third Runner from 3rd tries for Home, SAFE, no throw or cutoff
|
Batting: RHB Jim Unknown
|
0-0: Ball 1-0: Ball 2-0: Foul Ball, location: 2F 2-1: Foul Ball, location: 2F 2-2: Foul Ball, location: 2F 2-2: Ball 3-2: SINGLE (Groundball, 56D) Jim Unknown to second Jim Unknown to third
|
Batting: RHB Jim Unknown
|
0-0: Called Strike 0-1: Ball 1-1: Foul Ball, location: 2F 1-2: Foul Ball, location: 2F 1-2: Foul Ball, location: 2F 1-2: Strikes out swinging
|
Top of the 3rd over - 3 run(s), 4 hit(s), 1 error(s), 2 left on base; Nebraska 3 - Gwinnett County 1 |
BOTTOM OF THE 3RD |
Gwinnett County Black Cats batting - Pitching for Nebraska Plainsmen : LHP Jim Unknown
|
Batting: LHB Kent Roberts
|
0-0: Ground out 4-3 (Groundball, 4)
|
Batting: RHB Daniel Ybarra
|
0-0: Foul Ball, location: 2F 0-1: DOUBLE (Line Drive, 5L)
|
Batting: RHB Joe Craig
|
0-0: Called Strike 0-1: Foul Ball, location: 2F 0-2: Ball 1-2: Foul Ball, location: 2F 1-2: Ball 2-2: DOUBLE (Groundball, 3L) Daniel Ybarra scores
|
Batting: RHB Luis Hernández
|
0-0: Called Strike 0-1: 2-RUN HOME RUN (Flyball, 7D), Distance : 386 ft
|
Batting: RHB Millard Lewis
|
0-0: SINGLE (Flyball, 9LS)
|
Batting: RHB Ernesto Fernández
|
0-0: Ball 1-0: Ball 2-0: Fly out, F7 (Flyball, 7M)
|
Batting: RHB Luis Dávila
|
0-0: Called Strike 0-1: Called Strike 0-2: Fly out, F6 (Popup, 6D)
|
Bottom of the 3rd over - 3 run(s), 4 hit(s), 0 error(s), 1 left on base; Nebraska 3 - Gwinnett County 4 |
TOP OF THE 4TH |
Nebraska Plainsmen batting - Pitching for Gwinnett County Black Cats : RHP Jorge Silverstro
|
Batting: RHB Tomás Morán
|
0-0: Called Strike 0-1: Bunted foul 0-2: DOUBLE (Line Drive, 9LS)
|
Batting: RHB Jim Unknown
|
0-0: Ball 1-0: Called Strike 1-1: Called Strike Tomás Morán is caught stealing 3rd base 1-2: Strikes out looking
|
Batting: RHB Young-hwan Hyon
|
0-0: Ball 1-0: Foul Ball, location: 2F 1-1: Ball 2-1: Called Strike 2-2: Ball 3-2: Base on Balls
|
Batting: RHB Jesús Martínez
|
0-0: Ball 1-0: Ball 2-0: Ball 3-0: Base on Balls Young-hwan Hyon to second
|
Batting: RHB Jeffery Campbell
|
0-0: Swinging Strike 0-1: Foul Ball, location: 2F 0-2: Ball 1-2: Strikes out swinging
|
Top of the 4th over - 0 run(s), 1 hit(s), 0 error(s), 2 left on base; Nebraska 3 - Gwinnett County 4 |
BOTTOM OF THE 4TH |
Gwinnett County Black Cats batting - Pitching for Nebraska Plainsmen : LHP Jim Unknown
|
Batting: RHB Jim Unknown
|
0-0: Called Strike 0-1: Ground out 6-3 (Groundball, 6)
|
Batting: LHB Jim Unknown
|
0-0: Ball 1-0: Called Strike 1-1: Ball 2-1: Swinging Strike 2-2: Fly out, F5 (Popup, 5L)
|
Batting: LHB Kent Roberts
|
0-0: Called Strike 0-1: Called Strike 0-2: Strikes out swinging
|
Bottom of the 4th over - 0 run(s), 0 hit(s), 0 error(s), 0 left on base; Nebraska 3 - Gwinnett County 4 |
TOP OF THE 5TH |
Nebraska Plainsmen batting - Pitching for Gwinnett County Black Cats : RHP Jorge Silverstro
|
Batting: RHB Miguel Vásquez
|
0-0: Fly out, F4 (Popup, 4)
|
Batting: RHB Jim Unknown
|
0-0: Foul Ball, location: 2F 0-1: Swinging Strike 0-2: Ball 1-2: Foul Ball, location: 2F 1-2: Ball 2-2: Reached on error, E6 (Groundball, 6M)
|
Batting: RHB Jim Unknown
|
0-0: Called Strike Jim Unknown is caught stealing 2nd base 0-1: Ball 1-1: Foul Ball, location: 2F 1-2: Ball 2-2: Ground out 6-3 (Groundball, 6M)
|
Top of the 5th over - 0 run(s), 0 hit(s), 1 error(s), 0 left on base; Nebraska 3 - Gwinnett County 4 |
BOTTOM OF THE 5TH |
Gwinnett County Black Cats batting - Pitching for Nebraska Plainsmen : LHP Jim Unknown
|
Batting: RHB Daniel Ybarra
|
0-0: Ball 1-0: Foul Ball, location: 2F 1-1: Fly out, F8 (Flyball, 8LM)
|
Batting: RHB Joe Craig
|
0-0: Foul Ball, location: 2F 0-1: Ball 1-1: Ball 2-1: Called Strike 2-2: SINGLE (Flyball, 9LS)
|
Batting: RHB Luis Hernández
|
0-0: Ball 1-0: Ball 2-0: SINGLE (Line Drive, 89S) Joe Craig to second
|
Batting: RHB Millard Lewis
|
0-0: Ball 1-0: Ball 2-0: Called Strike 2-1: Swinging Strike 2-2: Ball 3-2: Base on Balls Joe Craig to third Luis Hernández to second
|
Batting: RHB Ernesto Fernández
|
0-0: Ball 1-0: Called Strike 1-1: Swinging Strike 1-2: Ball 2-2: Foul Ball, location: 2F 2-2: Fly out, F8 (Flyball, 78M) Runner from 3rd tags up, SCORES, no throw
|
Batting: RHB Luis Dávila
|
0-0: Ball 1-0: Called Strike 1-1: Ball 2-1: Foul Ball, location: 2F 2-2: Strikes out swinging
|
Bottom of the 5th over - 1 run(s), 2 hit(s), 0 error(s), 2 left on base; Nebraska 3 - Gwinnett County 5 |
TOP OF THE 6TH |
Nebraska Plainsmen batting - Pitching for Gwinnett County Black Cats : RHP Jorge Silverstro
|
Batting: RHB Jim Unknown
|
0-0: Foul Ball, location: 2F 0-1: Foul Ball, location: 2F 0-2: Ball 1-2: Foul Ball, location: 2F 1-2: Ball 2-2: SINGLE (Line Drive, 56)
|
Batting: RHB Tomás Morán
|
0-0: Ball 1-0: Foul Ball, location: 2F 1-1: Sac Bunt - play at first, batter OUT! 6-3 Jim Unknown to second
|
Batting: RHB Jim Unknown
|
0-0: Ball 1-0: Called Strike 1-1: Ball 2-1: Swinging Strike 2-2: SINGLE (Groundball, 6D) Jim Unknown to third Runner from 3rd tries for Home, SAFE, throw made home
|
Batting: RHB Young-hwan Hyon
|
0-0: Ball 1-0: Called Strike 1-1: Foul Ball, location: 2F 1-2: Strikes out swinging
|
Batting: RHB Jesús Martínez
|
0-0: Ball 1-0: SINGLE (Line Drive, 4D) Jim Unknown to second
|
Batting: RHB Jeffery Campbell
|
0-0: Called Strike 0-1: Ball 1-1: Swinging Strike 1-2: Strikes out swinging
|
Top of the 6th over - 1 run(s), 3 hit(s), 0 error(s), 2 left on base; Nebraska 4 - Gwinnett County 5 |
BOTTOM OF THE 6TH |
Gwinnett County Black Cats batting - Pitching for Nebraska Plainsmen : LHP Jim Unknown
|
Batting: RHB Jim Unknown
|
0-0: Bunted foul 0-1: Ball 1-1: Called Strike 1-2: Fly out, F8 (Flyball, 8RM)
|
Batting: LHB Jim Unknown
|
0-0: Ball 1-0: Called Strike 1-1: Foul Ball, location: 2F 1-2: Foul Ball, location: 2F 1-2: Foul Ball, location: 2F 1-2: Ground out 3-1 (Groundball, 34)
|
Batting: LHB Kent Roberts
|
0-0: Called Strike 0-1: Foul Ball, location: 2F 0-2: Ball 1-2: Ball 2-2: Ball 3-2: Ground out 4-3 (Groundball, 4)
|
Bottom of the 6th over - 0 run(s), 0 hit(s), 0 error(s), 0 left on base; Nebraska 4 - Gwinnett County 5 |
TOP OF THE 7TH |
Nebraska Plainsmen batting - Pitching for Gwinnett County Black Cats : RHP Jorge Silverstro
|
Batting: RHB Miguel Vásquez
|
0-0: Ball 1-0: Ball 2-0: Ball 3-0: Base on Balls
|
Batting: RHB Jim Unknown
|
0-0: SINGLE (Line Drive, 9S) Miguel Vásquez to second
|
Batting: RHB Jim Unknown
|
0-0: Bunted foul 0-1: Sac Bunt - play at third, runner OUT! 5-6 Jim Unknown to second
|
Batting: RHB Jim Unknown
|
0-0: Ball 1-0: Ball 2-0: Grounds into double play, 6-4-3 (Groundball, 6)
|
Top of the 7th over - 0 run(s), 1 hit(s), 0 error(s), 1 left on base; Nebraska 4 - Gwinnett County 5 |
BOTTOM OF THE 7TH |
Gwinnett County Black Cats batting - Pitching for Nebraska Plainsmen : LHP Jim Unknown
|
Batting: RHB Daniel Ybarra
|
0-0: Ball 1-0: Called Strike 1-1: Swinging Strike 1-2: Ball 2-2: Foul Ball, location: 2F 2-2: SINGLE (Flyball, 9LS)
|
Pitching: RHP Jim Unknown
|
|
Batting: RHB Joe Craig
|
0-0: Foul Ball, location: 2F 0-1: Fly out, F8 (Flyball, 8RM)
|
Pinch Hitting: SHB Chris Murray
|
0-0: Grounds into double play, U6-3 (Groundball, 6M)
|
Bottom of the 7th over - 0 run(s), 1 hit(s), 0 error(s), 0 left on base; Nebraska 4 - Gwinnett County 5 |
TOP OF THE 8TH |
Nebraska Plainsmen batting - Pitching for Gwinnett County Black Cats : RHP Jorge Silverstro
|
Pitching: RHP Jim Unknown
|
|
Now at C: Chris Murray
|
|
Batting: RHB Tomás Morán
|
0-0: Called Strike 0-1: Ball 1-1: Called Strike 1-2: Ball 2-2: Foul Ball, location: 2F 2-2: Ball 3-2: Base on Balls
|
Batting: RHB Jim Unknown
|
0-0: Bunted foul 0-1: Sac Bunt - play at first, batter OUT! 2-4 Tomás Morán to second
|
Pinch Hitting: RHB Jim Unknown
|
0-0: Ball 1-0: Called Strike 1-1: Foul Ball, location: 2F 1-2: Fly out, F9 (Line Drive, 9M)
|
Batting: RHB Jesús Martínez
|
0-0: Foul Ball, location: 2F 0-1: Foul Ball, location: 2F 0-2: Ball 1-2: Ball 2-2: Fly out, F4 (Line Drive, 4M)
|
Top of the 8th over - 0 run(s), 0 hit(s), 0 error(s), 1 left on base; Nebraska 4 - Gwinnett County 5 |
BOTTOM OF THE 8TH |
Gwinnett County Black Cats batting - Pitching for Nebraska Plainsmen : RHP Jim Unknown
|
Now at SS: Jim Unknown
|
|
Batting: RHB Millard Lewis
|
0-0: Ball 1-0: Ball 2-0: Called Strike 2-1: Swinging Strike 2-2: Strikes out swinging
|
Batting: RHB Ernesto Fernández
|
0-0: Ball 1-0: Called Strike 1-1: Foul Ball, location: 2F 1-2: Foul Ball, location: 2F 1-2: Ball 2-2: DOUBLE (Line Drive, 8LM)
|
Batting: RHB Luis Dávila
|
0-0: Ball 1-0: Swinging Strike 1-1: Swinging Strike 1-2: Ball 2-2: Foul Ball, location: 2F 2-2: Foul Ball, location: 2F 2-2: Strikes out swinging
|
Batting: RHB Jim Unknown
|
0-0: Foul Ball, location: 2F 0-1: Called Strike 0-2: Ball 1-2: Fly out, F8 (Flyball, 8RM)
|
Bottom of the 8th over - 0 run(s), 1 hit(s), 0 error(s), 1 left on base; Nebraska 4 - Gwinnett County 5 |
TOP OF THE 9TH |
Nebraska Plainsmen batting - Pitching for Gwinnett County Black Cats : RHP Jim Unknown
|
Batting: RHB Jeffery Campbell
|
0-0: Ball 1-0: SINGLE (Line Drive, 8LS)
|
Batting: RHB Miguel Vásquez
|
0-0: Ball 1-0: Foul Ball, location: 2F 1-1: Ball 2-1: Fielders Choice at 2nd, 1-6 (Groundball, 15)
|
Batting: RHB Jim Unknown
|
0-0: Ball 1-0: Foul Ball, location: 2F 1-1: Ball 2-1: Ball 3-1: Swinging Strike 3-2: Strikes out swinging
|
Batting: RHB Jim Unknown
|
0-0: Ball 1-0: Foul Ball, location: 2F 1-1: Fly out, F7 (Flyball, 78S)
|
Top of the 9th over - 0 run(s), 1 hit(s), 0 error(s), 1 left on base; Nebraska 4 - Gwinnett County 5 |
|